 Dungeon Crawl Stone Soup version 0.30.1-3-gfc49f6343a (webtiles) character file.

Game seed: 6538543023504997587

53 shmup the Firebug (level 3, -3/19 HPs)
             Began as a Tengu Fire Elementalist on July 31, 2023.
             Hit by a boomerang thrown by an orc (5 damage)
             ... on level 3 of the Dungeon.
             The game lasted 00:06:32 (2256 turns).

shmup the Firebug (Tengu Fire Elementalist)         Turns: 2256, Time: 00:06:33

Health: -3/19      AC:  2    Str:  8    XL:     3   Next: 89%
Magic:  7/7        EV: 12    Int: 17    God:
Gold:   79         SH:  0    Dex: 14    Spells: 3/6 levels left

rFire   . . .        h - +0 dagger
rCold   . . .        (no shield)
rNeg    . . .        a - +0 robe
rPois   +            (helmet restricted)
rElec   .            (no cloak)
rCorr   .            (no gloves)
SInv    .            (boots unavailable)
Will    .....        (no amulet)
Stlth   ++           i - ring of poison resistance
HPRegen 0.23/turn    (no ring)
MPRegen 0.10/turn

%: no passive effects
@: no status effects
A: beak, talons 3
a: no special abilities


You were on level 3 of the Dungeon.
You visited 1 branch of the dungeon, and saw 3 of its levels.

You collected 79 gold pieces.

Inventory:

Hand Weapons
 h - a +0 dagger (weapon)
Missiles
 c - 27 stones (quivered)
 o - 2 javelins
 t - 6 poisoned darts
Armour
 a - a +0 robe (worn)
Jewellery
 i - a ring of poison resistance (left hand)
Scrolls
 d - a scroll of acquirement {unknown}
 g - a scroll of identify {unknown}
 j - a scroll of poison {unknown}
 k - a scroll of immolation
 m - a scroll of blinking {unknown}
 n - a scroll of noise {unknown}
 s - a scroll of enchant weapon {unknown}
Potions
 b - a potion of magic
 e - a potion of heal wounds {unknown}
 f - 4 potions of mutation {unknown}
 l - 2 potions of curing {unknown}
 p - a potion of flight {unknown}
 q - 3 potions of might {unknown}
 r - 2 potions of degeneration {unknown}


   Skills:
 - Level 2.1 Dodging
 - Level 2.0 Stealth
 - Level 2.0 Spellcasting
 + Level 2.9 Conjurations
 * Level 4.6 Fire Magic


You had 3 spell levels left.
You knew the following spells:

 Your Spells              Type           Power      Damage    Failure   Level
a - Foxfire               Conj/Fire      56%        2x1d6     4%          1
b - Scorch                Fire           34%        2d6       4%          2

Your spell library contained the following spells:

 Spells                   Type           Power      Damage    Failure   Level
 Freeze                   Ice            4%         1d3       19%         1
 Inner Flame              Hex/Fire       9%         N/A       22%         3
 Volatile Blastmotes      Fire/Tloc      18%        2d11      22%         3
 Hailstorm                Conj/Ice       6%         3d4       32%         3
 Frozen Ramparts          Ice            2%         1d1       50%         3
 Portal Projectile        Hex/Tloc       2%         N/A       50%         3
 Tukima's Dance           Hex            1%         N/A       50%         3
 Flame Wave               Conj/Fire      14%        2d6       38%         4
 Blade Hands              Tmut           0%         N/A       99%         5
 Summon Cactus Giant      Summ           0%         N/A       100%        6


Dungeon Overview and Level Annotations

Branches:
Dungeon (3/15) Zot: 15742

Altars:
The Shining One

Shops:
D:2 *


Innate Abilities, Weirdness & Mutations

You have a beak for a mouth.
You have claws for feet.


Message History

You conjure some foxfire!
The orc shouts!
The foxfire hits the orc.
The orc is almost dead.
The foxfire hits the orc.
You kill the orc!
An orc comes into view. It is wielding a +0 whip.
Casting: Foxfire (safe; 4% risk of failure)
Confirm with . or Enter, or press ? or * to list all spells.
You conjure some foxfire!
The orc shouts!
You hear a shout!
Deactivating autopickup; reactivate with Ctrl-A.
You are confused.
The foxfire hits something.
The foxfire hits the orc.
The orc is heavily wounded.
You're too confused to cast spells.
Sorry, you're not good enough to have a special ability.
You're too confused to cast spells.
Sorry, you're not good enough to have a special ability.
The orc throws a boomerang.
The boomerang hits you.
You're too confused to cast spells.
Sorry, you're not good enough to have a special ability.
You're too confused to cast spells.
Sorry, you're not good enough to have a special ability.
The orc throws a boomerang.
The boomerang closely misses you.
You feel less confused.
You see here a dart slug corpse.
The orc throws a boomerang.
The boomerang hits you.
A magic dart appears from out of thin air!
The magic dart hits you.
* * * LOW HITPOINT WARNING * * *
A puff of flame appears from out of thin air!
The puff of flame hits you!
Ouch! That really hurt!
* * * LOW HITPOINT WARNING * * *
The orc throws a boomerang.
The boomerang barely misses you.
The orc throws a boomerang.
The boomerang hits you.
* * * LOW HITPOINT WARNING * * *
The orc throws a boomerang.
The boomerang hits you.
You die...

.▒. ▒........▒ ▒....▒▒▒
}.▒.▒....▒▒▒▒▒.▒.. ▒▒.......
▒..▒.▒........▒.▒▒▒▒▒▒▒...▒▒▒▒▒
▒▒.........▒▒▒▒▒.▒........▒.)<..
▒..........▒ ▒.▒.▒▒▒▒▒.▒▒.▒.▒▒
...%......▒▒ ▒.▒.▒........▒...
.........)▒▒▒▒▒▒.▒.▒.▒▒.▒▒▒▒▒▒▒▒
.......%o....[▒▒.▒.▒.▒..▒
.........▒▒▒▒..Q.....▒.▒▒
▒▒.......▒ ▒▒▒▒.▒....>▒
.).......▒ ▒.▒.▒.▒.▒ ....▒.▒▒▒▒
▒.▒...▒.▒ ...▒▒. ▒.▒▒▒▒▒.▒ ...
▒. ▒.▒ ▒▒ ▒. ▒.▒ ▒.▒


You could see an orc.

Vanquished Creatures
  An adder (D:2)
  2 worms (D:2)
  A dart slug (D:3)
  An orc (D:3)
  3 ball pythons
  2 endoplasms (D:1)
  4 goblins
  4 hobgoblins (D:1)
  5 bats
  A frilled lizard (D:2)
  7 kobolds
  5 rats
36 creatures vanquished.

Vanquished Creatures (others)
  105 foxfires
105 creatures vanquished.

Grand Total: 141 creatures vanquished

Notes
Turn   | Place    | Note
-------+----------+-------------------------------------------
     0 | D:1      | shmup the Tengu Fire Elementalist began the quest for the
                  | Orb.
     0 | D:1      | Reached XP level 1. HP: 10/10 MP: 4/4
   201 | D:1      | Reached XP level 2. HP: 15/15 MP: 4/6
   204 | D:1      | Learned a level 2 spell: Scorch
   541 | D:1      | Reached skill level 4 in Fire Magic
   684 | D:1      | Found a faded altar of an unknown god.
   729 | D:2      | Reached XP level 3. HP: 19/19 MP: 4/7
   759 | D:2      | Found a glowing golden altar of the Shining One.
  1619 | D:2      | Found Acasuph's Assorted Antiques.
  2256 | D:3      | Hit by a boomerang thrown by an orc

Illustrated notes

Levels and vault maps discovered:
D:1:      spicycebolla_green_bress_n_ham_2, layout_rooms,
          shapermc_ecumenical_altar_mp_vishouse
D:2:      layout_basic, basic_altar, serial_shops, nicolae_shop_real_fake_doors,
          minmay_quantized
D:3:      layout_basic, grunt_decor_mini_mirrors

Skill      XL: |  1  2 |
---------------+-------+-----
Conjurations   | 2 |  2.9
Fire Magic     | 4 |  4.6
Dodging        | |  2.1
Stealth        | |  2.0
Spellcasting   | |  2.0

Action                     || total
---------------------------++-------
  Melee: Dagger            ||     3
         Kick              ||     1
         Peck              ||     1
   Cast: Foxfire           ||    62
         Scorch            ||     3
    Use: Scroll            ||     1
 Armour: Robe              ||     5
  Dodge: Dodged            ||    13
